 Dungeon Crawl Stone Soup version 0.28.0-53-g5a82cb258f (webtiles) character file.

Game seed: 9827222768614838973

417 Tirrikindir the Slasher (level 6, -1/43 HPs)
             Began as an Octopode Fighter on Aug 18, 2022.
             Slain by a sky beast (5 damage)
             ... on level 5 of the Dungeon.
             The game lasted 00:07:07 (3386 turns).

Tirrikindir the Slasher (Octopode Fighter)          Turns: 3386, Time: 00:07:07

Health: -1/43      AC:  1    Str: 15    XL:     6   Next: 92%
Magic:  6/6        EV: 14    Int: 10    God:
Gold:   192        SH:  7    Dex: 14    Spells: 5/5 levels left

rFire   . . .      SeeInvis .   a - +0 long sword
rCold   . . .      Faith    .   d - +2 buckler
rNeg    . . .      Spirit   .   (helmet restricted)
rPois   .          Reflect  .   (no amulet)
rElec   .          Harm     .   (no ring)
rCorr   .          Rampage  .   (no ring)
Will    .....                   (no ring)
Stlth   +++.......              (no ring)
HPRegen 0.14/turn               (no ring)
MPRegen 0.10/turn               (no ring)
                                (no ring)
                                (no ring)

@: studying Ice Magic
A: almost no armour, amphibious, 8 rings, camouflage 1, gelatinous body 1,
(nimble swimmer 1), tentacles
a: no special abilities


You were on level 5 of the Dungeon.
You visited 1 branch of the dungeon, and saw 5 of its levels.

You collected 192 gold pieces.

Inventory:

Hand Weapons
 a - a +0 long sword (weapon)
Missiles
 b - a throwing net
 e - 20 poisoned darts (quivered)
Armour
 d - a +2 buckler (worn)
Wands
 g - a wand of digging (3)
 l - a wand of acid (3)
Scrolls
 i - a scroll of immolation
 k - a scroll of enchant armour {unknown}
 m - a scroll of noise {unknown}
 o - a scroll of blinking {unknown}
Potions
 f - 2 potions of curing
 j - a potion of lignification {unknown}
 n - a potion of heal wounds {unknown}


   Skills:
 - Level 4.0 Fighting
 * Level 4.4 Long Blades
 + Level 0.4 Throwing
 - Level 4.0 Dodging
 + Level 3.5 Stealth
 - Level 4.0 Shields
 + Level 1.1 Ice Magic
 + Level 0.5 Evocations


You had 5 spell levels left.
You didn't know any spells.
Your spell library contained the following spells:

 Spells                   Type           Power      Damage    Failure   Level
 Animate Skeleton         Necr           0%         N/A       43%         1
 Apportation              Tloc           0%         N/A       43%         1
 Summon Small Mammal      Summ           0%         N/A       43%         1


Dungeon Overview and Level Annotations

Branches:
Dungeon (5/15)
 Temple: D:4-7

Altars:
Ru


Innate Abilities, Weirdness & Mutations

You cannot wear most types of armour.
You are amphibious.
You can wear up to eight rings at the same time.
Your skin changes colour to match your surroundings (Stealth+).
Your rubbery body absorbs attacks. (AC +1, EV +1)
((You are camouflaged when in or above water. (Stealth+)))
You have tentacles for arms and can constrict up to eight enemies at once.


Message History

The adder is heavily wounded.
You block the adder's attack.
You hit the adder.
You kill the adder!
You start resting.
HP restored.
Okay, then.
Found a glowing orb.
You see here an orb of light.
Found a stone staircase leading up.
There is a stone staircase leading up here.
Found 5 poisoned darts.
e - 20 poisoned darts (gained 5)
A sky beast comes into view.
The sky beast flickers out of sight!
Deactivating autopickup; reactivate with Ctrl-A.
Okay, then.
Aiming: Corrosive Bolt
Press: ? - help, Shift-Dir - straight line You completely miss something.
Something hits you. Something shocks you.
Aiming: Corrosive Bolt
Press: ? - help, Shift-Dir - straight line The bolt of acid hits something!
The acid corrodes something!
Something hits you. Something shocks you.
You miss something. Something hits you but does no damage. Something hits you.
Something shocks you.
Aiming: Corrosive Bolt
Press: ? - help, Shift-Dir - straight line Something hits you.
Something shocks you.
* * * LOW HITPOINT WARNING * * *
Aiming: Corrosive Bolt
Press: ? - help, Shift-Dir - straight line Something hits you.
* * * LOW HITPOINT WARNING * * *
Something shocks you.
* * * LOW HITPOINT WARNING * * *
You feel better. Something hits you.
* * * LOW HITPOINT WARNING * * *
Something shocks you.
You die...

#...#### #..<# #. #...#
###.#### #...# #......#
#...# #.#.##.### #...#
#.#......#
#...######.#....#.# .
...........#.##.#.##....
................@{......
...........#....#.##....
#...#######.###.#.# .
#...# #.## ##..# #...#
#. ..# #...# .. .## #...
#.# ## #. #. #.


There were no monsters in sight!

Vanquished Creatures
  An ogre (D:4)
  A scorpion (D:5)
  A centaur zombie (D:3)
  2 hounds (D:4)
  2 orc priests (D:3)
  An iguana (D:4)
  5 adders
  A dart slug (D:1)
  An orc (D:3)
  2 endoplasms
  5 giant cockroaches
  5 goblins
  12 hobgoblins
  2 quokkas (D:1)
  3 ball pythons
  6 bats
  2 frilled lizards
  8 kobolds
  A rat (D:2)
61 creatures vanquished.

Notes
Turn   | Place    | Note
-------+----------+-------------------------------------------
     0 | D:1      | Tirrikindir the Octopode Fighter began the quest for the
                  | Orb.
     0 | D:1      | Reached XP level 1. HP: 16/16 MP: 1/1
   437 | D:1      | Reached XP level 2. HP: 21/21 MP: 2/2
  1010 | D:2      | Reached XP level 3. HP: 26/26 MP: 3/3
  1045 | D:2      | You fall into a shaft and drop 1 floor!
  1074 | D:3      | Reached skill level 1 in Stealth
  1341 | D:3      | Reached XP level 4. HP: 26/31 MP: 4/4
  1473 | D:3      | Reached XP level 5. HP: 20/36 MP: 5/5
  1920 | D:2      | Found a sacrificial altar of Ru.
  2106 | D:2      | Identified a scroll of acquirement
  2106 | D:2      | Acquired a manual of Ice Magic
  2336 | D:4      | Noticed an ogre
  2345 | D:4      | Killed an ogre
  2346 | D:4      | Reached XP level 6. HP: 43/43 MP: 6/6
  3214 | D:5      | Entered Level 5 of the Dungeon
  3222 | D:5      | Reached skill level 1 in Ice Magic
  3222 | D:5      | Noticed a sky beast
  3377 | D:5      | Noticed a sky beast
  3385 | D:5      | HP: 2/43 [something (6)]
  3386 | D:5      | Slain by a sky beast

Illustrated notes

Levels and vault maps discovered:
D:1:      giann_forest_graveyard, layout_basic
D:2:      layout_rooms, basic_altar
D:3:      layout_basic
D:4:      layout_loops_ring, minmay_goblin_kobold_house
D:5:      layout_loops_cross, mainiacjoe_overflow_alcove_1,
          chequers_serial_rivers_small_b

Skill      XL: |  1  2  3  4  5  6 |
---------------+-------------------+-----
Stealth        | 1 2 3 |  3.5
Long Blades    | 3 4 |  4.4
Shields        | 4 |  4.0
Fighting       | 4 |  4.0
Dodging        | 4 |  4.0
Ice Magic      | 1 |  1.1
Throwing       | |  0.4
Evocations     | |  0.5

Action                   |  1- 3 |  4- 6 || total
-------------------------+-------+-------++-------
Melee: Long sword        |    45 |    69 ||   114
       Constrict         |     9 |    14 ||    23
       Tentacles         |     2 |    13 ||    15
       Punch             |       |     2 ||     2
Throw: Dart              |     1 |     6 ||     7
Evoke: Wand              |       |     4 ||     4
  Use: Scroll            |     3 |     3 ||     6
       Potion            |     1 |     3 ||     4
 Stab: Sleeping          |     5 |    11 ||    16
Armor: Skin              |     6 |     6 ||    12
Dodge: Dodged            |    31 |    25 ||    56
Block: Buckler           |     9 |    16 ||    25
